 Dungeon Sprint DCSS version 0.19-a0-1834-g6b7851e (webtiles) character file.

67747 dobroeutro the Wrestler (level 14, -11/243 HPs)
             Began as a Troll Fighter on Oct 9, 2016.
             Was the Champion of Jiyva.
             Mangled by Mennas
             ... wielding a +5 sacred scourge of holy wrath
              (16 damage)
             ... in the Dungeon (Sprint IX: "|||||||||||||||||||||||||||||").
             The game lasted 00:21:47 (3733 turns).

dobroeutro the Wrestler (Troll Fighter)             Turns: 3733, Time: 00:21:48

Health: -11/243    AC: 21    Str: 33    XL:     14   Next: 84%
Magic:  13/13      EV: 28    Int:  5    God:    Jiyva [******]
Gold:   1844       SH: 21    Dex: 22    Spells: 0 memorised, 13 levels left

rFire  . . .     SeeInvis .       - Unarmed
rCold  + . .     Gourm    +     B - +1 troll leather armour of the Dolphin {rC+ Regen+}
rNeg   . . .     Faith    .     J - +0 large shield {AC+3}
rPois  .         Spirit   .     (helmet restricted)
rElec  .         Dismiss  .     o - +0 cloak
rCorr  +         Reflect  .     (gloves unavailable)
MR     +....     Harm     .     (boots unavailable)
Stlth  .......... NoTele   +    (no amulet)
                                H - +4 ring of protection
                                e - +6 ring of dexterity

@: mighty, agile, berserking, glowing, studying Polearms, silenced, very quick
A: unfitting armour, beak, claws 3, icy blue scales 2, fast metabolism 3,
gourmand, regeneration 1, shaggy fur 1, tough skin 2, acidic bite, eyeballs 2,
tendrils
a: Renounce Religion


You were in the Dungeon.
You worshipped Jiyva.
Jiyva was exalted by your worship.
You were very full.

You visited 1 branch You collected 1919 gold pieces.
You spent 75 gold pieces at shops.

Inventory:

Armour
 o - a +0 cloak (worn)
 B - the +1 troll leather armour of the Dolphin (worn) {rC+ Regen+}
   (You found it in the Dungeon)

   It protects you from cold.
   It increases your rate of regeneration.
 C - the cursed quicksilver dragon armour of the Old World {rPois MR+ MP+9 Dex+3}
   (You found it in the Dungeon)

   It affects your dexterity (+3).
   It protects you from poison.
   It affects your resistance to hostile enchantments.
   It affects your magic capacity (+9).
   It has a curse placed upon it.
 J - a +0 large shield of protection (worn)
Jewellery
 e - a +6 ring of dexterity (left claw)
 p - a +3 ring of intelligence
 q - a +2 ring of evasion
 v - an uncursed ring of ice
 w - a +2 ring of slaying
 y - an uncursed ring of see invisible
 A - an uncursed ring of fire
 G - a +4 ring of evasion
 H - a +4 ring of protection (right claw)
 I - a +6 ring of intelligence
Wands
 n - a wand of iceblast (7/15)
Scrolls
 b - a scroll of fog
 j - 7 scrolls of blinking
 l - 4 scrolls of remove curse
 m - 2 scrolls of amnesia
 r - 3 scrolls of identify
 u - 4 scrolls of recharging
 E - a scroll of fear
 F - 6 scrolls of enchant weapon
Potions
 c - 4 potions of might
 g - 5 potions of haste
 h - 4 potions of magic
 i - 4 potions of brilliance
 k - 3 potions of curing
 s - a potion of agility
Books
 t - a manual of Polearms
Comestibles
 a - 5 chunks of flesh
 d - 14 bread rations
 x - 40 fruits
 z - 12 meat rations


   Skills:
 + Level 16.3 Fighting
 + Level 11.3 Armour
 + Level 16.3 Dodging
 + Level 11.6 Shields
 * Level 24.9 Unarmed Combat


You had 13 spell levels left.
You didn't know any spells.

Dungeon Overview and Level Annotations

Branches:
Dungeon (1/1)

Altars:
Cheibriados
Dithmenos
Elyvilon
Fedhas
Gozag
Hepliaklqana
Kikubaaqudgha
Makhleb
Nemelex Xobeh
Okawaru
Qazlal
Ru
Sif Muna
Trog
Uskayaw
Vehumet
Xom
Yredelemnul
Zin
The Shining One
Beogh
Jiyva
Lugonu

Shops:
D %:*}

Annotations:
D Mennas


Innate Abilities, Weirdness & Mutations

You are too large for most types of armour.
You have claws for hands.
Your metabolism is lightning-fast.
You like to eat raw meat.
Your natural rate of healing is unusually fast.
You are covered in fur. (AC +1)
You have very tough skin. (AC +2)
You have a beak for a mouth.
You are mostly covered in icy blue scales. (AC +3)
You have acidic saliva.
Your body has grown many golden eyes which may confuse attackers. (Acc +5)
You are covered in slimy tendrils that may disarm your opponents.


Message History

You are too injured to fight recklessly!
You are too injured to fight recklessly!
You are too injured to fight recklessly!
You are too injured to fight recklessly!
Mennas blocks your attack.
Your bite misses Mennas.
Mennas is moderately wounded.
Mennas looks to the heavens.
You block Mennas's attack. x2
Mennas hits you with a sacred scourge of holy wrath!!
* * * LOW HITPOINT WARNING * * *
Mennas closely misses you.
You feel agile all of a sudden. You block Mennas's attack.
Mennas hits you with a sacred scourge of holy wrath!
* * * LOW HITPOINT WARNING * * *
You block Mennas's attack. x2
A red film seems to cover your vision as you go berserk!
You feel yourself moving faster!
You feel mighty! You block Mennas's attack. x2
Mennas hits you with a sacred scourge of holy wrath!
You die...

...........)†....................
▓▓▓▓▓▓▓▓▓▓▓▓▓▓▓▓▓▓▓▓▓▓▓▓▓▓▓▓▓▓▓▓▓
......J(..(.....'................
▓▓▓▓▓▓▓▓▓▓▓▓▓▓▓▓▓▓▓▓▓▓▓▓▓▓▓▓▓▓▓▓▓
...[)............................
▓▓▓▓▓▓▓▓▓▓▓▓▓▓▓▓▓▓▓▓▓▓▓▓▓▓▓▓▓▓▓▓▓
[[[...)))))).........'...........
▓▓▓▓▓▓▓▓▓▓▓▓▓▓▓▓▓▓▓▓▓▓▓▓▓▓▓▓▓▓▓▓▓
.....)..........@A......
▓▓▓▓▓▓▓▓▓▓▓▓▓▓▓▓▓▓▓▓▓▓▓▓


You could see Mennas.

Vanquished Creatures
  Mara (D)
  Frederick (D)
  2 liches (D)
  A frost giant (D)
  A fire giant (D)
  Louise (D)
  3 very ugly things (D)
  An ironheart preserver (D)
  A stone giant (D)
  A merfolk javelineer (D)
  A fire dragon (D)
  An ogre mage (D)
  4 yaktaur captains (D)
  2 merfolk impalers (D)
  A rakshasa (D)
  3 ice dragons (D)
  An anaconda (D)
  A merfolk aquamancer (D)
  A merfolk avatar (D)
  2 hydras (D)
  An alligator (D)
  3 centaur warriors (D)
  A deep troll earth mage (D)
  A shock serpent (D)
  7 orc high priests (D)
  A tengu warrior (D)
  Nergalle (D)
  An unseen horror (D)
  A swamp dragon (D)
  A spriggan druid (D)
  2 harpies (D)
  2 deep elf archers (D)
  4 orc knights (D)
  2 wizards (D)
  An orb spider (D)
  An ironbrand convoker (D)
  2 ugly things (D)
  2 cyclopes (D)
  4 wolf spiders (D)
  A manticore (D)
  3 black mambas (D)
  3 vault sentinels (D)
  A guardian serpent (D)
  2 moths of wrath (D)
  Maurice (D)
  2 spiny frogs (D)
  2 demonic crawlers (D)
  3 yaktaurs (D)
  A komodo dragon (D)
  A troll (D)
  4 polar bears (D)
  A tyrant leech (D)
  A merfolk (D)
  2 hippogriffs (D)
  2 hornets (D)
  A bog body (D)
  A blink frog (D)
  A snapping turtle (D)
  A shadow (D)
  2 redbacks (D)
  A yak (D)
  A water elemental (D)
  A basilisk (shapeshifter) (D)
  Grum (D)
  2 vampire mosquitoes (D)
  A mottled dragon (D)
  3 nagas (D)
  3 water moccasins (D)
  3 porcupines (D)
  A swamp drake (D)
  An ice beast (D)
  10 orc warriors (D)
  4 black bears (D)
  5 wolves (D)
  2 centaurs (D)
  2 crocodiles (D)
  4 bullfrogs (D)
  A crimson imp (D)
  9 orc priests (D)
  3 orc wizards (D)
  A worker ant (D)
  An adder (D)
  A shadow imp (D)
  8 orcs (D)
  A bat skeleton (D)
  A hobgoblin (D)
  A bat (D)
  2 kobolds (D)
  A leopard gecko skeleton (D)
  A rat (D)
180 creatures vanquished.

Vanquished Creatures (collateral kills)
  A stone giant (D)
  A very ugly thing (D)
  A deep troll earth mage (D)
  A spiny frog (D)
  A wolf (D)
5 creatures vanquished.

Vanquished Creatures (others)
  A glowing orange brain (D)
  A great orb of eyes (D)
  A hydra (D)
  A moth of wrath (D)
  A slime creature (D)
  An eye of draining (D)
  44 jellies (D)
50 creatures vanquished.

Grand Total: 235 creatures vanquished

Notes
Turn   | Place    | Note
-------+----------+-------------------------------------------
     0 | D        | dobroeutro the Troll Fighter began the quest for the Orb.
     0 | D        | Reached XP level 1. HP: 22/22 MP: 0/0
    27 | D        | Noticed an ice beast
    27 | D        | Noticed a water moccasin
    27 | D        | Noticed a centaur
    37 | D        | Reached skill level 3 in Unarmed Combat
    37 | D        | Reached XP level 2. HP: 25/31 MP: 1/1
    44 | D        | Killed a centaur
    44 | D        | Reached skill level 6 in Unarmed Combat
    44 | D        | Reached XP level 3. HP: 22/40 MP: 2/2
    44 | D        | Reached XP level 4. HP: 27/49 MP: 3/3
    59 | D        | Killed a water moccasin
    59 | D        | Reached skill level 5 in Fighting
    59 | D        | Reached skill level 5 in Dodging
    59 | D        | Reached skill level 8 in Unarmed Combat
    59 | D        | Reached XP level 5. HP: 33/57 MP: 4/4
    60 | D        | Killed an ice beast
    60 | D        | Reached skill level 9 in Unarmed Combat
    60 | D        | Reached XP level 6. HP: 39/67 MP: 5/5
   137 | D        | Found a roughly hewn altar of Beogh.
   137 | D        | Found a snail-covered altar of Cheibriados.
   137 | D        | Found a shadowy altar of Dithmenos.
   137 | D        | Found a white marble altar of Elyvilon.
   137 | D        | Found a blossoming altar of Fedhas.
   137 | D        | Found an opulent altar of Gozag.
   138 | D        | Found a hazy altar of Hepliaklqana.
   139 | D        | Found a viscous altar of Jiyva.
   140 | D        | Found an ancient bone altar of Kikubaaqudgha.
   141 | D        | Found a corrupted altar of Lugonu.
   142 | D        | Found a burning altar of Makhleb.
   143 | D        | Found a sparkling altar of Nemelex Xobeh.
   144 | D        | Found an iron altar of Okawaru.
   145 | D        | Found a stormy altar of Qazlal.
   146 | D        | Found a sacrificial altar of Ru.
   147 | D        | Became a worshipper of Jiyva Josiw the Shapeless
   148 | D        | Found a deep blue altar of Sif Muna.
   149 | D        | Found a bloodstained altar of Trog.
   150 | D        | Found a hide-covered altar of Uskayaw.
   151 | D        | Found a radiant altar of Vehumet.
   152 | D        | Found a shimmering altar of Xom.
   153 | D        | Found a basalt altar of Yredelemnul.
   154 | D        | Found a glowing silver altar of Zin.
   155 | D        | Found a glowing golden altar of the Shining One.
   186 | D        | Reached * piety under Jiyva
   192 | D        | Noticed a hippogriff
   192 | D        | Reached ** piety under Jiyva
   192 | D        | Reached *** piety under Jiyva
   192 | D        | Gained mutation: You evolve. [Jiyva's grace]
   192 | D        | Reached **** piety under Jiyva
   192 | D        | Gained mutation: Your flesh is heat resistant. (rF+) [Jiyva's grace]
   192 | D        | Gained mutation: You have large cloven feet. [Jiyva's grace]
   192 | D        | Reached ***** piety under Jiyva
   192 | D        | Gained mutation: You possess an exceptional clarity of mind. [Jiyva's grace]
   195 | D        | Lost mutation: You possess an exceptional clarity of mind. [Jiyva's grace]
   198 | D        | Killed a hippogriff
   198 | D        | Reached skill level 10 in Unarmed Combat
   199 | D        | Reached XP level 7. HP: 61/76 MP: 6/6
   205 | D        | Reached skill level 11 in Unarmed Combat
   221 | D        | Gained mutation: Your flesh is cold resistant. (rC+) [Jiyva's grace]
   221 | D        | Reached ****** piety under Jiyva
   227 | D        | Gained mutation: Armour fits poorly on your pseudopods. [Jiyva's grace]
   227 | D        | Gained mutation: Your muscles are strong. (Str +2) [Jiyva's grace]
   227 | D        | Lost mutation: You evolve. [Jiyva's grace]
   229 | D        | Noticed a troll
   229 | D        | Noticed a centaur warrior
   229 | D        | Noticed a vampire mosquito
   229 | D        | Noticed a centaur warrior
   240 | D        | Killed a centaur warrior
   240 | D        | Reached skill level 12 in Unarmed Combat
   240 | D        | Reached XP level 8. HP: 46/88 MP: 7/7
   271 | D        | Killed a centaur warrior
   271 | D        | Reached skill level 13 in Unarmed Combat
   275 | D        | Killed a troll
   275 | D        | Reached skill level 14 in Unarmed Combat
   275 | D        | Reached XP level 9. HP: 53/98 MP: 8/8
   461 | D        | Reached skill level 15 in Unarmed Combat
   600 | D        | Noticed a spiny frog
   600 | D        | Noticed a komodo dragon
   601 | D        | Noticed a five-headed hydra
   605 | D        | Noticed a five-headed hydra
   605 | D        | Killed a komodo dragon
   605 | D        | Reached skill level 10 in Fighting
   605 | D        | Reached skill level 10 in Dodging
   611 | D        | Killed a five-headed hydra
   611 | D        | Reached XP level 10. HP: 56/110 MP: 9/9
   613 | D        | Killed a spiny frog
   623 | D        | Gained mutation: Your translucent skin slightly reduces your foes' accuracy. (Stealth) [Jiyva's grace]
   664 | D        | Killed a seven-headed hydra
   664 | D        | Reached skill level 16 in Unarmed Combat
   699 | D        | Lost mutation: Your muscles are strong. (Str +2) [Jiyva's grace]
   699 | D        | Lost mutation: Armour fits poorly on your pseudopods. [Jiyva's grace]
   737 | D        | Reached skill level 17 in Unarmed Combat
   755 | D        | Gained mutation: You are covered in slimy tendrils that may disarm your opponents. [Jiyva's grace]
   758 | D        | Gained mutation: You are agile. (Dex +2) [Jiyva's grace]
   758 | D        | Gained mutation: You evolve. [Jiyva's grace]
   764 | D        | Gained mutation: Your movements are slightly less encumbered by armour. (ER -2) [Jiyva's grace]
   823 | D        | Noticed Grum
   832 | D        | Killed Grum
   845 | D        | Noticed Maurice
   851 | D        | Killed Maurice
   912 | D        | Noticed an orc high priest
   927 | D        | Killed an orc high priest
   930 | D        | Reached XP level 11. HP: 107/120 MP: 10/10
   934 | D        | Gained mutation: You have a pair of small antennae on your head. [evolution]
   966 | D        | Noticed an orc knight
   972 | D        | Reached skill level 18 in Unarmed Combat
   977 | D        | Noticed an orc knight
   987 | D        | Noticed an orc knight
   987 | D        | Killed an orc knight
  1035 | D        | Killed an orc knight
  1052 | D        | Killed an orc knight
  1180 | D        | Found Henaacici's Gadget Boutique.
  1180 | D        | Noticed an orc high priest
  1183 | D        | Noticed an orc high priest
  1191 | D        | Noticed a sixfirhy
  1195 | D        | Noticed a sixfirhy
  1237 | D        | Noticed a sixfirhy
  1239 | D        | Killed an orc high priest
  1286 | D        | Noticed a soul eater
  1309 | D        | Killed an orc high priest
  1309 | D        | Reached skill level 19 in Unarmed Combat
  1412 | D        | Found Calyucli's Assorted Antiques.
  1416 | D        | Found Miprascha's Book Boutique.
  1417 | D        | Noticed an orc high priest
  1418 | D        | Found Xest's Food Shop.
  1422 | D        | Noticed an orc high priest
  1430 | D        | Killed an orc high priest
  1431 | D        | Noticed an orc high priest
  1433 | D        | Noticed an orc high priest
  1433 | D        | Lost mutation: Your flesh is cold resistant. (rC+) [Jiyva's grace]
  1465 | D        | HP: 2/124 [orc high priest/divine providence (15)]
  1467 | D        | Noticed a soul eater
  1490 | D        | HP: 3/124 [soul eater/drain life[an orc high priest] (14)]
  1508 | D        | Killed an orc high priest
  1513 | D        | Killed an orc high priest
  1526 | D        | Noticed a soul eater
  1583 | D        | Gained mutation: Your muscles are strong. (Str +2) [Jiyva's grace]
  1584 | D        | Gained mutation: Your body has grown golden eyes which may confuse attackers. (Acc +3) [Jiyva's grace]
  1590 | D        | Gained mutation: You are partially covered in rugged brown scales. (AC +1, +3% HP) [Jiyva's grace]
  1593 | D        | Lost mutation: You are covered in slimy tendrils that may disarm your opponents. [Jiyva's grace]
  1597 | D        | Killed an orc high priest
  1598 | D        | Lost mutation: You are agile. (Dex +2) [Jiyva's grace]
  1600 | D        | Lost mutation: Your muscles are strong. (Str +2) [Jiyva's grace]
  1604 | D        | Gained mutation: You have a small jelly attached to you that senses nearby items. [Jiyva's grace]
  1604 | D        | Lost mutation: You are partially covered in rugged brown scales. (AC +1, +3% HP) [Jiyva's grace]
  1607 | D        | Gained mutation: Your system is resistant to poisons. (rPois) [Jiyva's grace]
  1628 | D        | Lost mutation: Your translucent skin slightly reduces your foes' accuracy. (Stealth) [Jiyva's grace]
  1630 | D        | Lost mutation: You evolve. [Jiyva's grace]
  1636 | D        | Gained mutation: Your mind is acute. (Int +2) [Jiyva's grace]
  1636 | D        | Gained mutation: You are agile. (Dex +2) [Jiyva's grace]
  1637 | D        | Gained mutation: You are covered in slimy tendrils that may disarm your opponents. [Jiyva's grace]
  1639 | D        | Lost mutation: Your mind is acute. (Int +2) [Jiyva's grace]
  1643 | D        | Gained mutation: You have supernaturally acute eyesight. (SInv) [Jiyva's grace]
  1643 | D        | Lost mutation: You have a pair of small antennae on your head. [Jiyva's grace]
  1649 | D        | Gained mutation: Your flesh is cold resistant. (rC+) [Jiyva's grace]
  1650 | D        | Gained mutation: You are surrounded by a mild repulsion field. (EV +2) [Jiyva's grace]
  1652 | D        | Gained mutation: Your mind is acute. (Int +2) [Jiyva's grace]
  1652 | D        | Gained mutation: You are resistant to electric shocks. (rElec) [Jiyva's grace]
  1654 | D        | Lost mutation: Your mind is acute. (Int +2) [Jiyva's grace]
  1656 | D        | Lost mutation: You have supernaturally acute eyesight. (SInv) [Jiyva's grace]
  1722 | D        | Bought a bubbling amethyst potion for 23 gold pieces
  1722 | D        | Bought a scroll labeled BUIZEL DEVY for 26 gold pieces
  1722 | D        | Bought a scroll labeled JON AHACIHYNA for 26 gold pieces
  1843 | D        | Got the +8 flail of Zeklui {venom, *Slow rN++ MR+}
  1854 | D        | Got the +1 troll leather armour of the Dolphin {rC+ Regen+}
  1879 | D        | Got the cursed quicksilver dragon armour of the Old World {rPois MR+ MP+9 Dex+3}
  1902 | D        | Noticed a tengu warrior
  1905 | D        | Noticed an ice dragon
  1915 | D        | Noticed a lich
  1918 | D        | Killed a tengu warrior
  1918 | D        | Reached skill level 1 in Armour
  1921 | D        | Noticed a green ugly thing
  1924 | D        | Reached skill level 20 in Unarmed Combat
  1933 | D        | Noticed a rakshasa
  1945 | D        | Killed a lich
  1945 | D        | Reached XP level 12. HP: 88/136 MP: 11/11
  1950 | D        | Noticed an ice dragon
  1952 | D        | Killed an ice dragon
  1957 | D        | Noticed a centaur warrior
  1958 | D        | Noticed a stone giant
  1963 | D        | Killed an ice dragon
  1966 | D        | Killed a rakshasa
  1966 | D        | Reached skill level 5 in Shields
  1973 | D        | Killed a stone giant
  1978 | D        | Killed a centaur warrior
  2129 | D        | Lost mutation: You are agile. (Dex +2) [Jiyva's grace]
  2202 | D        | Lost mutation: You are surrounded by a mild repulsion field. (EV +2) [Jiyva's grace]
  2209 | D        | Gained mutation: You have a pair of small horns on your head. [Jiyva's grace]
  2212 | D        | Gained mutation: Your translucent skin slightly reduces your foes' accuracy. (Stealth) [Jiyva's grace]
  2218 | D        | Lost mutation: Your movements are slightly less encumbered by armour. (ER -2) [Jiyva's grace]
  2221 | D        | Gained mutation: You are partially covered in molten scales. (AC +2) [Jiyva's grace]
  2224 | D        | Lost mutation: You have large cloven feet. [Jiyva's grace]
  2229 | D        | Lost mutation: You have a pair of small horns on your head. [Jiyva's grace]
  2234 | D        | Lost mutation: You are resistant to electric shocks. (rElec) [Jiyva's grace]
  2237 | D        | Lost mutation: Your flesh is heat resistant. (rF+) [Jiyva's grace]
  2238 | D        | Noticed an anaconda
  2238 | D        | Lost mutation: Your system is resistant to poisons. (rPois) [Jiyva's grace]
  2241 | D        | Gained mutation: You have an increased reservoir of magic. (+10% MP) [Jiyva's grace]
  2244 | D        | Killed an anaconda
  2246 | D        | Reached skill level 5 in Armour
  2246 | D        | Reached skill level 21 in Unarmed Combat
  2271 | D        | Gained mutation: You are resistant to hostile enchantments. (MR+) [Jiyva's grace]
  2275 | D        | Gained mutation: You are mostly covered in molten scales. (AC +3) [Jiyva's grace]
  2276 | D        | Gained mutation: Your body has grown many golden eyes which may confuse attackers. (Acc +5) [Jiyva's grace]
  2278 | D        | Gained mutation: Your rubbery body absorbs attacks. (AC +1, EV +1) [Jiyva's grace]
  2292 | D        | Lost mutation: Your rubbery body absorbs attacks. (AC +1, EV +1) [Jiyva's grace]
  2294 | D        | Lost mutation: Your flesh is cold resistant. (rC+) [Jiyva's grace]
  2294 | D        | Gained mutation: Armour fits poorly on your pseudopods. [Jiyva's grace]
  2296 | D        | Gained mutation: Your body is covered in golden eyes which may confuse attackers. (Acc +7, SInv) [Jiyva's grace]
  2307 | D        | Lost mutation: Your body is covered in golden eyes which may confuse attackers. (Acc +7, SInv) [Jiyva's grace]
  2312 | D        | Gained mutation: You are covered in thick fur. (AC +2) [Jiyva's grace]
  2312 | D        | Lost mutation: You are resistant to hostile enchantments. (MR+) [Jiyva's grace]
  2313 | D        | Lost mutation: You have an increased reservoir of magic. (+10% MP) [Jiyva's grace]
  2314 | D        | Gained mutation: Your rubbery body absorbs attacks. (AC +1, EV +1) [Jiyva's grace]
  2315 | D        | Lost mutation: Your body has grown many golden eyes which may confuse attackers. (Acc +5) [Jiyva's grace]
  2324 | D        | Noticed an alligator
  2335 | D        | Lost mutation: You are covered in thick fur. (AC +2) [Jiyva's grace]
  2335 | D        | Gained mutation: You have a small jelly attached to you that may absorb incoming projectiles. [Jiyva's grace]
  2335 | D        | Gained mutation: You are partially covered in slimy green scales. (AC +2) [Jiyva's grace]
  2336 | D        | Gained mutation: You are somewhat resistant to further mutation. [Jiyva's grace]
  2338 | D        | Lost mutation: You are somewhat resistant to further mutation. [Jiyva's grace]
  2339 | D        | Noticed a red very ugly thing
  2341 | D        | Gained mutation: You are somewhat resistant to further mutation. [Jiyva's grace]
  2341 | D        | Lost mutation: You have a small jelly attached to you that senses nearby items. [Jiyva's grace]
  2342 | D        | Lost mutation: Armour fits poorly on your pseudopods. [Jiyva's grace]
  2352 | D        | Killed an alligator
  2363 | D        | Killed a red very ugly thing
  2377 | D        | Lost mutation: You have a small jelly attached to you that may absorb incoming projectiles. [Jiyva's grace]
  2383 | D        | Reached XP level 13. HP: 62/146 MP: 12/12
  2397 | D        | HP: 4/146 [poison (poison gas)]
  2541 | D        | Lost mutation: You are partially covered in slimy green scales. (AC +2) [Jiyva's grace]
  2541 | D        | Lost mutation: You are somewhat resistant to further mutation. [Jiyva's grace]
  2541 | D        | Lost mutation: You are mostly covered in molten scales. (AC +3) [Jiyva's grace]
  2541 | D        | Gained mutation: You have acidic saliva. [Jiyva's grace]
  2544 | D        | Lost mutation: You have acidic saliva. [Jiyva's grace]
  2547 | D        | Gained mutation: Your muscles are strong. (Str +2) [Jiyva's grace]
  2564 | D        | Noticed a merfolk impaler
  2564 | D        | Noticed a merfolk javelineer
  2567 | D        | Noticed a merfolk impaler
  2573 | D        | Killed a merfolk javelineer
  2582 | D        | Lost mutation: Your muscles are strong. (Str +2) [Jiyva's grace]
  2583 | D        | Killed a merfolk impaler
  2586 | D        | Gained mutation: Your magical capacity is low. (-10% MP) [Jiyva's grace]
  2587 | D        | Lost mutation: You are partially covered in molten scales. (AC +2) [Jiyva's grace]
  2589 | D        | Gained mutation: You have a small jelly attached to you that may absorb incoming projectiles. [Jiyva's grace]
  2601 | D        | Gained mutation: You are robust. (+10% HP) [Jiyva's grace]
  2603 | D        | Killed a merfolk impaler
  2603 | D        | Reached skill level 22 in Unarmed Combat
  2604 | D        | Gained mutation: Scrolls take you a little longer to read. [Jiyva's grace]
  2604 | D        | Lost mutation: You are robust. (+10% HP) [Jiyva's grace]
  2610 | D        | Gained mutation: Your body has grown many golden eyes which may confuse attackers. (Acc +5) [Jiyva's grace]
  2611 | D        | Lost mutation: Your magical capacity is low. (-10% MP) [Jiyva's power]
  2702 | D        | Lost mutation: Scrolls take you a little longer to read. [Jiyva's grace]
  2702 | D        | Gained mutation: You are partially covered in slimy green scales. (AC +2) [Jiyva's grace]
  2703 | D        | Gained mutation: You have a pair of small horns on your head. [Jiyva's grace]
  2704 | D        | Lost mutation: You have a pair of small horns on your head. [Jiyva's grace]
  2708 | D        | Gained mutation: You are somewhat resistant to further mutation. [Jiyva's grace]
  2767 | D        | Noticed Nergalle
  2776 | D        | Killed Nergalle
  2818 | D        | Noticed a cyan very ugly thing
  2818 | D        | Noticed a frost giant
  2824 | D        | Killed a frost giant
  2834 | D        | Noticed a lich
  2842 | D        | Killed a purple very ugly thing
  2843 | D        | Noticed a fire giant
  2858 | D        | Lost mutation: Your rubbery body absorbs attacks. (AC +1, EV +1) [Jiyva's grace]
  2864 | D        | Lost mutation: You are partially covered in slimy green scales. (AC +2) [Jiyva's grace]
  2864 | D        | Gained mutation: You are partially covered in icy blue scales. (AC +2) [Jiyva's grace]
  2870 | D        | Killed a lich
  2890 | D        | Reached skill level 15 in Dodging
  2890 | D        | Reached skill level 23 in Unarmed Combat
  2895 | D        | Killed a fire giant
  2895 | D        | Reached skill level 15 in Fighting
  2971 | D        | Gained mutation: You are resistant to hostile enchantments. (MR+) [Jiyva's grace]
  2972 | D        | Gained mutation: You are partially covered in iridescent scales. (AC +2) [Jiyva's grace]
  2977 | D        | Gained mutation: You are dopey. (Int -2) [Jiyva's grace]
  2995 | D        | Noticed a fire dragon
  2996 | D        | Noticed a stone giant
  2997 | D        | Noticed a red very ugly thing
  3005 | D        | Killed a fire dragon
  3016 | D        | Killed a stone giant
  3016 | D        | Reached XP level 14. HP: 62/159 MP: 13/13
  3020 | D        | Killed a red very ugly thing
  3104 | D        | Gained mutation: You are agile. (Dex +2) [Jiyva's grace]
  3108 | D        | Lost mutation: Your translucent skin slightly reduces your foes' accuracy. (Stealth) [Jiyva's grace]
  3110 | D        | Gained mutation: You have a beak for a mouth. [Jiyva's grace]
  3111 | D        | Lost mutation: You are dopey. (Int -2) [Jiyva's power]
  3112 | D        | Lost mutation: You are resistant to hostile enchantments. (MR+) [Jiyva's grace]
  3127 | D        | Reached skill level 10 in Shields
  3130 | D        | Gained mutation: You are resistant to hostile enchantments. (MR+) [Jiyva's grace]
  3130 | D        | Lost mutation: You are agile. (Dex +2) [Jiyva's grace]
  3149 | D        | Lost mutation: You are resistant to hostile enchantments. (MR+) [Jiyva's grace]
  3149 | D        | Lost mutation: You are somewhat resistant to further mutation. [Jiyva's grace]
  3151 | D        | Lost mutation: You are partially covered in icy blue scales. (AC +2) [Jiyva's grace]
  3151 | D        | Gained mutation: You occasionally shout uncontrollably at your foes. [Jiyva's grace]
  3152 | D        | Noticed a white very ugly thing
  3154 | D        | Gained mutation: Your flesh is cold resistant. (rC+) [Jiyva's grace]
  3154 | D        | Gained mutation: You possess an exceptional clarity of mind. [Jiyva's grace]
  3166 | D        | Reached skill level 10 in Armour
  3172 | D        | Noticed an ironheart preserver
  3174 | D        | Killed a white very ugly thing
  3178 | D        | Reached skill level 24 in Unarmed Combat
  3182 | D        | Gained mutation: You are resistant to hostile enchantments. (MR+) [Jiyva's grace]
  3183 | D        | Lost mutation: Your flesh is cold resistant. (rC+) [Jiyva's grace]
  3185 | D        | Killed an ironheart preserver
  3188 | D        | Gained mutation: You are partially covered in icy blue scales. (AC +2) [Jiyva's grace]
  3189 | D        | Lost mutation: You are resistant to hostile enchantments. (MR+) [Jiyva's grace]
  3194 | D        | Lost mutation: You occasionally shout uncontrollably at your foes. [Jiyva's grace]
  3194 | D        | Gained mutation: You are mostly covered in icy blue scales. (AC +3) [Jiyva's grace]
  3196 | D        | Lost mutation: You possess an exceptional clarity of mind. [Jiyva's grace]
  3199 | D        | Lost mutation: You are partially covered in iridescent scales. (AC +2) [Jiyva's grace]
  3260 | D        | Noticed Frederick
  3270 | D        | Killed Frederick
  3279 | D        | Gained mutation: You have acidic saliva. [Jiyva's grace]
  3279 | D        | Gained mutation: Armour fits poorly on your pseudopods. [Jiyva's grace]
  3279 | D        | Lost mutation: You have a small jelly attached to you that may absorb incoming projectiles. [Jiyva's grace]
  3374 | D        | Noticed Mara
  3377 | D        | Noticed dobroeutro's illusion
  3411 | D        | Killed Mara
  3676 | D        | Noticed Louise
  3678 | D        | Lost mutation: Armour fits poorly on your pseudopods. [Jiyva's grace]
  3698 | D        | Killed Louise
  3714 | D        | Noticed Mennas
  3732 | D        | HP: 3/162 [Mennas/sacred scourge of holy wrath (17)]
  3733 | D        | Mangled by Mennas

Vault maps used:
D:        linesprint

Skill      XL: |  1  2  3  4  5  6  7  8  9 10 11 12 13 14 |
---------------+-------------------------------------------+-----
Fighting       | 3 4 5 6 8 9 10 11 13 14 15 16 | 16.3
Dodging        | 3 4 5 6 8 9 10 11 13 14 15 16 | 16.3
Unarmed Combat | 3 6 8 9 10 12 14 15 17 20 21 23 24 | 24.9
Armour         | 3 6 9 11 | 11.3
Shields        | 4 6 9 11 | 11.6

Action                   |  1- 3 |  4- 6 |  7- 9 | 10-12 | 13-15 || total
-------------------------+-------+-------+-------+-------+-------++-------
Melee: Unarmed           |    33 |    17 |    97 |   325 |   276 ||   748
       Kick              |       |     2 |    34 |    91 |       ||   127
       Pseudopods        |       |       |     9 |    11 |     9 ||    29
       Peck              |       |       |       |       |    41 ||    41
       Bite              |       |       |       |       |     4 ||     4
Invok: Request Jelly     |       |       |       |     2 |     2 ||     4
       Cure Bad Mutation |       |       |       |     3 |    11 ||    14
  Use: Potion            |       |     2 |     2 |     5 |     6 ||    15
       Scroll            |       |       |       |     3 |       ||     3
 Stab: Confused          |       |       |       |     1 |     7 ||     8
       Invisible         |       |       |       |       |     2 ||     2
       Paralysed         |       |       |       |       |     2 ||     2
  Eat: Chunk             |       |       |    10 |    11 |     3 ||    24
Armor: Robe              |    10 |     4 |     5 |       |       ||    19
       Troll hide        |       |       |     3 |    16 |       ||    19
       Troll leather arm |       |       |       |    16 |    29 ||    45
Dodge: Dodged            |    11 |     7 |    30 |   106 |    68 ||   222
Block: Shield            |    12 |    11 |    38 |    70 |       ||   131
       Large shield      |       |       |       |    65 |   132 ||   197
